 Dungeon Crawl Stone Soup version 0.29.1-12-g30fa7ad0bf (webtiles) character file.

Game seed: 7460497520474854497

1932 FexLirch the Thaumaturge (level 9, -7/139 HPs)
             Began as a Meteoran Earth Elementalist on Jan 5, 2023.
             Was a Believer of Sif Muna.
             Mangled by a yak (10 damage)
             ... on level 9 of the Dungeon.
             The game lasted 00:22:47 (2088 turns).

FexLirch the Thaumaturge (MeEE)                     Turns: 2088, Time: 00:22:47

Health: -7/139     AC: 24    Str: 15    XL:     9   Next: 67%
Magic:  10/25      EV:  2    Int: 23    God:    Sif Muna [**....]
Gold:   39         SH:  5    Dex: 14    Spells: 11/30 levels left

rFire   . . .      SeeInvis .   m - +2 falchion (flame)
rCold   . . .      Faith    .   (no shield)
rNeg    . . .      Spirit   .   (body armour currently unavailable)
rPois   +          Reflect  +   (helmet currently unavailable)
rElec   .          Harm     .   (cloak currently unavailable)
rCorr   .          Rampage  .   (gloves currently unavailable)
Will    +....      NoTele   +   (boots currently unavailable)
Stlth   ..........              e - amulet of reflection
HPRegen 0.33/turn               r - +6 ring of strength
MPRegen 0.19/turn               (no ring)

@: berserking, lethally poisoned (-7 -> -17), tree-form, very slightly
contaminated, glowing, very quick
A: stationary, stasis, torment immunity, boosted hp, sense surroundings 2,
otherworldly, glowing, explore regen
a: Renounce Religion, Channel Magic


You were on level 9 of the Dungeon.
You worshipped Sif Muna.
Sif Muna was pleased with you.
You were a tree.
You visited 1 branch of the dungeon, and saw 9 of its levels.
You also visited: Sewer.

You collected 312 gold pieces.
You spent 273 gold pieces at shops.

Inventory:

Hand Weapons
 c - a +0 short sword
 d - a +0 sling
 m - a +2 falchion of flaming (weapon)
 C - a +1 dagger of electrocution
Missiles
 u - 3 atropa-tipped darts
 v - 3 javelins
 D - 12 poisoned darts
Armour
 s - a +2 pair of boots (melded)
 t - a +0 leather armour
 B - a +0 pair of gloves (melded)
 E - the +1 cloak of Tender Moments (melded) {rC- Regen+ Dex+5 Stlth+}
   (You bought it in a shop on level 4 of the Dungeon)

   Dex:       It affects your dexterity (+5).
   rC:        It makes you vulnerable to cold.
   Regen:     It increases your rate of health regeneration.
   Stlth:     It makes you more stealthy.
 F - a +0 helmet (melded)
 G - the +4 ring mail of Unambiguity (melded) {rN+ Dex+3 Stlth-}
   (You found it on level 8 of the Dungeon)

   Dex:       It affects your dexterity (+3).
   rN:        It protects you from negative energy.
   Stlth:     It makes you less stealthy.
Jewellery
 e - an amulet of reflection (around neck)
 r - a +6 ring of strength (left branch)
 x - a ring of protection from cold
Wands
 A - a wand of flame (14)
Scrolls
 a - a scroll of magic mapping {unknown}
 g - 9 scrolls of identify
 n - a scroll of silence {unknown}
 o - a scroll of enchant weapon {unknown}
 p - a scroll of vulnerability {unknown}
 q - a scroll of teleportation
 w - a scroll of brand weapon {unknown}
 y - a scroll of poison {unknown}
Potions
 b - 2 potions of magic
 f - a potion of heal wounds {unknown}
 h - a potion of might {unknown}
 i - a potion of curing
 j - 2 potions of attraction {unknown}
 k - a potion of berserk rage
 l - 4 potions of flight
 z - a potion of lignification
 H - 2 potions of resistance {unknown}


   Skills:
 - Level 2.4 Dodging
 - Level 1.4 Stealth
 * Level 11.2 Spellcasting
 * Level 5.8 Conjurations
 + Level 2.5 Hexes
 + Level 2.5 Translocations
 - Level 1.2 Transmutations
 - Level 6.0 Earth Magic


You had 11 spell levels left.
You knew the following spells:

 Your Spells              Type           Power      Damage    Failure   Level
a - Sandblast             Erth           80%        2d17      1%          1
b - Passwall              Tmut/Erth      24%        N/A       1%          2
c - Stone Arrow           Conj/Erth      80%        3d12      1%          3
d - Fulminant Prism       Conj/Hex       16%        3d11      9%          4
e - Iskenderun's Mystic   Conj/Tloc      32%        2d8       9%          4
f - Iskenderun's Battles  Conj           39%        2d9       13%         5

Your spell library contained the following spells:

 Spells                   Type           Power      Damage    Failure   Level
 Magic Dart               Conj           100%       1d8       1%          1
 Searing Ray              Conj           78%        2d7       1%          2
 Necrotise                Necr           48%        1d6       4%          1
 Petrify                  Tmut/Erth      29%        N/A       12%         4
 Vampiric Draining        Necr           12%        2d6       16%         3
 Agony                    Necr           12%        N/A       80%         5


Dungeon Overview and Level Annotations

Branches:
Dungeon (9/15) Zot: 3409   Temple (0/1) D:7           Sewer (visited)
   Lair: D:8-11         Orc: D:9-12

Altars:
Cheibriados
Nemelex Xobeh
Okawaru
Sif Muna

Shops:
D:4 [   D:6 *![


Innate Abilities, Weirdness & Mutations

You are a tree.
Your roots penetrate the ground, keeping you stationary.
You cannot be teleported.
You are immune to unholy pain and torment.
Your maximum health is greatly increased.
Your equipment is partially melded.
You passively map the area around you.
You are easily found by Zot.
You glow in the dark.
You regain HP and MP as you explore.


Message History

You block the killer bee's attack.
The killer bee stings you but does no damage. x2
You barely miss the killer bee. You block the killer bee's attack.
The killer bee stings you.
* * * LOW HITPOINT WARNING * * *
The killer bee stings you but does no damage.
The killer bee stings you.
* * * LOW HITPOINT WARNING * * *
You block the killer bee's attack.
The killer bee stings you but does no damage. x4
The killer bee stings you.
* * * LOW HITPOINT WARNING * * *
You barely miss the killer bee.
The killer bee stings you but does no damage.
You block the killer bee's attack. The killer bee stings you.
* * * LOW HITPOINT WARNING * * *
The killer bee stings you but does no damage. x7
You are too berserk!
Unknown command.
Unknown command.
You hit the killer bee. You burn the killer bee.
The killer bee is severely wounded.
You block the killer bee's attack.
The killer bee stings you but does no damage.
The killer bee stings you.
* * * LOW HITPOINT WARNING * * *
The killer bee stings you but does no damage.
The killer bee barely misses you.
You slash the killer bee! You burn the killer bee.
You kill the killer bee!
Sif Muna accepts your kill. You block the killer bee's attack.
The killer bee stings you.
* * * LOW HITPOINT WARNING * * *
You are lethally poisoned!
The killer bee poisons you!
The killer bee stings you but does no damage. x3
The killer bee barely misses you.
The killer bee stings you but does no damage. x2
The yak gores you!
You die...

, , * , ... # ##..
,,... .##...# ,
.... !#..#.* * ,
.....,#....# , ,*
..>..##....# *
.......Y...# ,
,.$...Yyy..#*
......Y♣.##
,....YYyyY.###
....YYY.....#####
,,
................##
,
..!..#...........#
, ,
.#...##.#....)...#
, ,#..
.#.#.......## ,
... .........### ,
, , ##....[..##


You could see 9 yaks and 4 killer bees.

Vanquished Creatures
  Eustachio (D:5)
  A water moccasin (D:6)
  3 black bears
  2 centaurs
  An ogre (D:5)
  2 phantoms (D:4)
  2 kobold brigands
  A bullfrog (D:7)
  3 scorpions
  2 killer bees (D:9)
  A jelly (D:6)
  4 hounds
  An orc priest (D:7)
  6 iguanas
  2 orc wizards (D:7)
  9 adders
  4 river rats (Sewer)
  2 white imps
  2 dart slugs (D:4)
  11 orcs
  3 endoplasms
  3 giant cockroaches
  8 goblins
  4 hobgoblins
  3 jackals
  3 quokkas
  8 ball pythons
  5 bats
  19 kobolds
  5 rats
  A toadstool (D:1)
122 creatures vanquished.

Vanquished Creatures (others)
  4 fulminant prisms
4 creatures vanquished.

Grand Total: 126 creatures vanquished

Notes
Turn   | Place    | Note
-------+----------+-------------------------------------------
     0 | D:1      | FexLirch the Meteoran Earth Elementalist began the quest
                  | for the Orb.
     0 | D:1      | Reached XP level 1. HP: 14/14 MP: 5/5
    93 | D:1      | Reached XP level 2. HP: 20/20 MP: 4/6
   103 | D:1      | Reached skill level 3 in Spellcasting
   140 | D:2      | Reached skill level 1 in Conjurations
   164 | D:2      | Reached XP level 3. HP: 22/26 MP: 4/8
   202 | D:4      | Found Laefiu's Armour Shop.
   274 | D:4      | Reached XP level 4. HP: 33/33 MP: 6/10
   286 | D:4      | Found a sparkling altar of Nemelex Xobeh.
   292 | D:4      | Found a shimmering blue altar of Sif Muna.
   337 | D:4      | Became a worshipper of Sif Muna the Loreminder
   341 | D:4      | Learned a level 2 spell: Passwall
   345 | D:4      | Learned a level 3 spell: Stone Arrow
   461 | D:3      | Reached XP level 5. HP: 30/38 MP: 8/11
   492 | D:3      | Learned a level 4 spell: Fulminant Prism
   589 | D:3      | Got Sif Muna's Codex of Battling
   595 | D:3      | Reached skill level 4 in Spellcasting
   595 | D:3      | Reached skill level 5 in Earth Magic
   652 | D:3      | Found an iron altar of Okawaru.
   652 | D:3      | Found a snail-covered altar of Cheibriados.
   745 | D:4      | Noticed a phantom
   751 | D:4      | Killed a phantom
   752 | D:4      | Reached XP level 6. HP: 45/45 MP: 4/14
   756 | D:4      | Noticed a black bear
   764 | D:4      | Killed a black bear
   765 | D:4      | Reached skill level 5 in Spellcasting
   765 | D:4      | Reached XP level 7. HP: 34/50 MP: 3/16
   801 | D:5      | Entered Level 5 of the Dungeon
   851 | D:4      | Reached skill level 6 in Spellcasting
   984 | D:5      | Reached * piety under Sif Muna
   985 | D:5      | Reached skill level 7 in Spellcasting
   987 | D:5      | Reached XP level 8. HP: 57/57 MP: 4/20
  1037 | D:5      | Noticed Eustachio
  1051 | D:5      | Killed Eustachio
  1052 | D:5      | Reached skill level 8 in Spellcasting
  1081 | D:5      | Reached skill level 9 in Spellcasting
  1194 | D:6      | Found Usarghu's Distillery.
  1217 | D:6      | Reached skill level 10 in Spellcasting
  1217 | D:6      | Gained mutation: You passively map the area around you.
                  | [Meteoran growth]
  1217 | D:6      | Reached XP level 9. HP: 62/62 MP: 16/24
  1219 | D:6      | Found a glowing drain.
  1245 | Sewer    | Entered a sewer
  1398 | D:6      | Learned a level 4 spell: Iskenderun's Mystic Blast
  1404 | D:6      | Learned a level 5 spell: Iskenderun's Battlesphere
  1410 | D:6      | Found Gerab's Assorted Antiques.
  1435 | D:6      | Reached skill level 1 in Hexes
  1439 | D:6      | Reached ** piety under Sif Muna
  1455 | D:6      | Found Jetsued's Armour Emporium.
  1529 | D:4      | Reached skill level 1 in Translocations
  1579 | D:4      | Bought the +1 cloak of Tender Moments {rC- Regen+ Dex+5
                  | Stlth+} for 273 gold pieces
  1947 | D:7      | Reached skill level 5 in Conjurations
  1955 | D:7      | Found a staircase to the Ecumenical Temple.
  1958 | D:7      | Reached skill level 11 in Spellcasting
  2020 | D:8      | Identified the +4 ring mail of Unambiguity {rN+ Dex+3
                  | Stlth-}
  2088 | D:9      | HP: 3/139 [killer bee (6)]
  2088 | D:9      | Mangled by a yak

Illustrated notes

Levels and vault maps discovered:
D:1:      ldierk_water_garden, layout_rooms,
          dreamdust_ecumenical_altar_hidden_monk_grotto
D:2:      layout_rooms, kennysheep_generic_room_9
D:3:      minmay_wonky_spiral, layout_rooms, gammafunk_temple_overflow_elements
D:4:      minmay_skewed_foursquare, layout_basic,
          amethyst_overflow_temple_binary, serial_shops,
          nicolae_shop_advertising_works [nicolae_subvault_shop_adworks],
          st_stairs_5
D:5:      layout_cave_pools, serial_shops, kennysheep_little_box, minivault_23,
          uniq_eustachio
D:6:      layout_basic, serial_shops, nicolae_shop_stone, shop, shop,
          cheibrodos_sewer_entry_drain
D:7:      layout_rooms, worldfamousw_hep_ancestral_shrine, temple_pool_b
D:8:      layout_basic, nicolae_concentric_dashed_squares_wild
D:9:      layout_cave_pools, st_stairs_7, amethyst_killhole

Skill      XL: |  1  2  3  4  5  6  7  8  9 |
---------------+----------------------------+-----
Spellcasting   | 3 4 5 7 10 11 | 11.2
Conjurations   | 1 2 3 4 5 |  5.8
Earth Magic    | 4 5 6 |  6.0
Hexes          | 2 |  2.5
Translocations | 2 |  2.5
Dodging        | |  2.4
Stealth        | |  1.4
Transmutations | |  1.2

Action                   |  1- 3 |  4- 6 |  7- 9 || total
-------------------------+-------+-------+-------++-------
Melee: Unarmed           |     8 |       |       ||     8
       Falchion          |       |       |     7 ||     7
 Fire: Sling             |     6 |       |     1 ||     7
Throw: Javelin           |       |     1 |     3 ||     4
       Dart              |       |       |     4 ||     4
 Cast: Sandblast         |    27 |    37 |    35 ||    99
       Passwall          |       |     2 |     7 ||     9
       Stone Arrow       |       |     4 |    65 ||    69
       Fulminant Prism   |       |       |     4 ||     4
       Iskenderun's Batt |       |       |     1 ||     1
Evoke: Wand              |       |       |     4 ||     4
  Use: Potion            |       |       |     5 ||     5
       Scroll            |       |       |     2 ||     2
Armor: Robe              |       |     5 |     4 ||     9
       Leather armour    |       |       |     7 ||     7
       Skin              |       |       |    44 ||    44
       Ring mail         |       |       |     7 ||     7
Dodge: Dodged            |     6 |    10 |    32 ||    48
Block: Other             |       |       |    18 ||    18
       Reflection        |       |       |     1 ||     1
